 Dungeon Crawl Stone Soup version 0.28-a0-1616-g050a50673c (webtiles) character file.

Game seed: 1109308095713880942

38 hashsling the Bolt Thrower (level 3, -1/27 HPs)
             Began as a Human Wanderer on Jan 22, 2022.
             Slain by Sigmund (2 damage)
             ... on level 2 of the Dungeon.
             The game lasted 00:03:31 (1423 turns).

hashsling the Bolt Thrower (Human Wanderer)         Turns: 1423, Time: 00:03:31

Health: -1/27      AC:  6    Str:  9    XL:     3   Next: 65%
Magic:  4/4        EV: 11    Int: 12    God:
Gold:   45         SH:  0    Dex: 17    Spells: 3/4 levels left

rFire   . . .      SeeInvis .   a - +2 hand crossbow
rCold   . . .      Faith    .   (no shield)
rNeg    . . .      Spirit   .   f - +0 leather armour
rPois   .          Reflect  .   (no helmet)
rElec   .          Harm     .   i - scarf {repulsion}
rCorr   .          Rampage  .   h - +2 pair of gloves
Will    .....                   (no boots)
Stlth   ++........              (no amulet)
HPRegen 0.09/turn               (no ring)
MPRegen 0.09/turn               (no ring)

@: repel missiles
A: no striking features
a: no special abilities


You were on level 2 of the Dungeon.
You visited 1 branch of the dungeon, and saw 2 of its levels.

You collected 45 gold pieces.

Inventory:

Hand Weapons
 a - a +2 hand crossbow (weapon)
 b - a +0 spear
 k - a +0 hand axe
Missiles
 e - 20 bolts (quivered ammo)
Armour
 f - a +0 leather armour (worn)
 h - a +2 pair of gloves (worn)
 i - a scarf of repulsion (worn)
Scrolls
 d - 2 scrolls of identify {unknown}
 g - a scroll of amnesia {unknown}
Potions
 c - a potion of flight {unknown}
 j - a potion of lignification {unknown}


   Skills:
 + Level 2.1 Fighting
 * Level 3.9 Crossbows
 + Level 0.8 Armour
 + Level 0.9 Dodging
 - Level 3.0 Stealth
 - Level 1.0 Spellcasting
 - Level 1.0 Translocations


You had 3 spell levels left.
You knew the following spells:

 Your Spells              Type           Power      Damage    Failure   Level
a - Apportation           Tloc           6%         N/A       26%         1

Your spell library contained the following spells:

 Spells                   Type           Power      Damage    Failure   Level
 Lesser Beckoning         Tloc           3%         N/A       63%         3


Dungeon Overview and Level Annotations

Branches:
Dungeon (2/15)

Altars:

Annotations:
D:2 Sigmund


Message History

Sigmund is lightly wounded.
A quokka comes into view.
Sigmund points at you and mumbles some strange words.
The magic dart hits you.
Fire: 24 bolts
Press: ? - help, Q - select action, (/) - cycle Shift-Dir - straight line, f/p - Sigmund
Aim: Sigmund, wielding a +0 vorpal scythe and wearing a +1 robe of cold resistance (lightly wounded, 64% to hit)
You shoot a bolt. The bolt completely misses Sigmund.
Sigmund laughs darkly.
Sigmund casts a spell.
Sigmund flickers and vanishes!
Deactivating autopickup; reactivate with Ctrl-A.
Fire: 23 bolts
Press: ? - help, Q - select action, (/) - cycle Shift-Dir - straight line, f - dart slug
Aim: a dart slug (94% to hit)
You shoot a bolt.
Fire: 22 bolts
Press: ? - help, Q - select action, (/) - cycle Shift-Dir - straight line, f/p - dart slug
Aim: a dart slug (94% to hit)
You shoot a bolt. The bolt closely misses the rat.
The bolt hits the quokka!
You kill the quokka!
Fire: 21 bolts
Press: ? - help, Q - select action, (/) - cycle Shift-Dir - straight line, f/p - dart slug
Aim: a dart slug (94% to hit)
You shoot a bolt. The bolt barely misses the rat.
The bolt hits the dart slug!
You kill the dart slug!
Something hits you! The rat bites you but does no damage.
Fire: 20 bolts
Press: ? - help, Q - select action, (/) - cycle Shift-Dir - straight line, f - rat
Aim: a rat (67% to hit)
Okay, then.
The rat twitches its whiskers.
b - a +0 spear (weapon)
You hit the rat.
You kill the rat!
Unknown command.
a - a +2 hand crossbow (weapon)
Something hits you!
* * * LOW HITPOINT WARNING * * *
You die...

####.######. ####.# #.
#....# #. #.#### ##' #.#
##.. #.# ##... ## ##.##
##....
#...###########...####.....
........{†@..........+.....
#...###.######....####.....
# #.# #....# ##.... #{#
#..#.# ##... #...# #..#.#
##.. .∩..♣.# #..#.# ##+
..((..?.# #....# ##. (..(.
..# ##.### ##.. ∩..♣..∩##
#.########.##


There were no monsters in sight!

Vanquished Creatures
  An adder (D:2)
  2 dart slugs
  2 endoplasms (D:1)
  2 giant cockroaches
  2 goblins
  4 hobgoblins
  A quokka (D:2)
  2 bats (D:1)
  A frilled lizard (D:1)
  3 kobolds (D:1)
  4 rats
24 creatures vanquished.

Notes
Turn   | Place    | Note
-------+----------+-------------------------------------------
     0 | D:1      | hashsling the Human Wanderer began the quest for the Orb.
     0 | D:1      | hashsling set off with the following items: a +2 hand
                  | crossbow, 26 bolts, a +0 pair of gloves, a +0 robe; and the
                  | following spell memorised: Apportation; and the following
                  | spells available to memorise: Lesser Beckoning
     0 | D:1      | Reached XP level 1. HP: 16/16 MP: 2/2
   102 | D:1      | Reached XP level 2. HP: 19/22 MP: 3/3
   852 | D:2      | Reached XP level 3. HP: 26/27 MP: 4/4
  1408 | D:2      | Noticed Sigmund
  1423 | D:2      | HP: 1/27 [something (10)]
  1423 | D:2      | Slain by Sigmund

Illustrated notes

Levels and vault maps discovered:
D:1:      nzn_arrival_crosshair, layout_loops_ring
D:2:      layout_loops_corners, hellmonk_ecumenical_altar_arch_garden,
          uniq_sigmund

Action                   || total
-------------------------++-------
Melee: Dagger            ||     9
       Hand axe          ||    46
       Punch             ||     3
       Spear             ||    12
 Fire: Hand crossbow     ||    14
 Stab: Sleeping          ||     3
       Distracted        ||     1
Armor: Leather armour    ||    31
Dodge: Dodged            ||    41

Table legend: (Time is in decaauts)
 A = Elapsed time spent in this place.
 B = Non-inter-level travel time spent in this place.
 C = Inter-level travel time spent in this place.
 D = Time resting spent in this place.
 E = Time spent auto-exploring this place.
 F = Levels seen in this place.
 G = Mean time per level.
                   A        B        C        D        E       F      G
               +--------+--------+--------+--------+--------+-----+--------+
         Total |   1435 |   1410 |     25 |      0 |   1146 |   2 |  717.5 |
       Dungeon |   1435 |   1410 |     25 |      0 |   1146 |   2 |  717.5 |
               +--------+--------+--------+--------+--------+-----+--------+

Top non-repeatable levels by time:
     D:1: 818 daAuts
     D:2: 617 daAuts
